Connexion

Heat vs IceHogs

Created - 10 décembre 2023 at 07:55

Goals
1 2 3 OT1 T
Heat 1 1 1 0 3
IceHogs 0 1 2 1 4
Shots
1 2 3 OT1 T
Heat 6 4 6 0 16
IceHogs 13 8 14 4 39

GoalsPenalties
1st period
1. Heat , Brett Leason 11 (Kevin Gravel 12, Greg McKegg 10) at 18:52
No Penalty
2nd period
2. Heat , Nathan Smith 21 (Mathieu Joseph 38) at 0:08
3. IceHogs , Zack O'Brien 6 (Mikhail Vorobyov 11) at 5:33
Tarmo Reunanen (STO) for Hooking (Minor) at 14:01
3rd period
4. IceHogs , Riley Sheahan 16 (Dennis Cholowski 22, Charles Hudon 22) at 1:07
5. IceHogs , Erik Cernak 16 (Colby Williams 5, Jean-Sébastien Dea 43) at 13:41
6. Heat , Greg McKegg 15 (Egor Sokolov 8, Brett Leason 11) at 18:25
Tarmo Reunanen (STO) for Tripping (Minor) at 1:26
Steven Oleksy (STO) for Cross-checking (Minor) at 8:32
Colton Sceviour (RCK) for Tripping (Minor) at 16:11
Overtime #1
7. IceHogs , Erik Cernak 17 (Riley Sheahan 28) at 2:12
No Penalty
Goalie Stats
Jake Paterson (STO), 35 saves from 39 shots - (0,897), OTL, 6-1-1, 62:13 minutes
Christopher Gibson (RCK), 13 saves from 16 shots - (0,813), W, 25-11-1, 62:13 minutes
3 StarsOfficial
1 - Erik Cernak (RCK)
2 - Riley Sheahan (RCK)
3 - Brett Leason (STO)
Referees : Ghislain Hebert and Jean Hebert
Linesman : Brian Mach and Derek Nansen
Game Note
Kevin Gravel is injured at 10:12 of 2nd period (Strained Back)
Finance
Level 1 -- Attendance: 1893 (94,65%) -- Ticket Income $66,255
Level 2 -- Attendance: 1000 (100,00%) -- Ticket Income $15,000
Total Attendance: 2893 (96,43%)
Total Ticket Income: $81,255
Other Income: $16,251
Total Income: $97,506



Team Name Goals Shots Shots Attemp Shots Blocked PIM HIT PP PK FO%
Heat 31636116280 / 1 (0%)045%
IceHogs 4397682170 / 3 (0%)055%

Heat
Player Name POS G A P +/- PIM HIT SHT SB MP PP MP PP SHT PK MP PK SHT FO% FOT
Aidan McDonoughLW0000020017:311:0900:0000% 3
Artur KayumovLW/RW000-100008:200:0000:3000% 0
Brett LeasonRW1121001011:240:0000:0000% 0
Brinson PasichnukD000-1031220:181:0913:4900% 0
Cole SchneiderLW/RW000000006:000:0000:0000% 0
Egor SokolovLW/RW0111012015:270:0004:0300% 1
Greg McKeggC/LW/RW1121002015:210:0003:57050% 28
Jacob BrysonD0000012123:430:5002:4200% 0
Jan JenikC/RW0000021217:311:0910:00050% 16
Jesper LindgrenD0000031120:330:2202:1500% 0
John Albert C000000007:380:0001:38023% 13
Kevin GravelD011001029:090:0000:0000% 0
Kyle CriscuoloC/RW000-2001019:370:5000:0000% 2
Mathieu JosephLW/RW011-1030120:210:5000:080100% 2
Nathan SmithC101-1043121:140:5000:22054% 26
Steven OleksyD0001280126:120:5002:1300% 0
Tarmo ReunanenD000-1400021:110:4700:3300% 0
Tyce ThompsonRW0000002019:091:0901:3800% 0
IceHogs
Player Name POS G A P +/- PIM HIT SHT SB MP PP MP PP SHT PK MP PK SHT FO% FOT
Andrew SturtzRW0001002012:400:0000:0000% 0
Brady VailC000000000:000:0000:0000% 0
Brandon GignacC000000000:240:0000:0000% 0
Brandon HickeyD0000033120:212:1620:5400% 0
Brendan GaunceC/LW0001010013:100:0000:30064% 11
Charles HudonLW/RW0111024021:152:3400:00033% 3
Colby WilliamsD0111002125:073:4111:0500% 0
Colton SceviourC/LW/RW0000223020:422:3400:0000% 0
Danny O'ReganC/RW000-1002025:183:2301:04050% 2
Dennis CholowskiD0110004120:212:1620:5400% 0
Erik CernakD2022054125:393:4111:0500% 0
Frederic AllardD000-1000114:320:0000:0000% 0
Jack DoughertyD000-1011116:130:0000:0000% 0
Jean-Sébastien DeaC/RW0110013024:303:2321:04059% 27
Mikhail VorobyovC0110003215:330:0000:00061% 18
Riley SheahanC1121013021:402:3410:25047% 30
William CarrierLW/RW000-1012013:223:2310:5500% 0
Zack O'BrienC/RW1010003013:520:0000:0000% 0



Play-by-Play

1st period


0:01 of 1st period - Nathan Smith wins face-off versus Jean-Sébastien Dea in neutral zone.
0:01 of 1st period - Mathieu Joseph is hit by Jean-Sébastien Dea and loses puck.
0:20 of 1st period - Shot by Nathan Smith.
0:20 of 1st period - Stopped by Christopher Gibson with a rebound.
0:31 of 1st period - Shot by Kyle Criscuolo.
0:31 of 1st period - Shot Misses the Net.
1:34 of 1st period - Brandon Hickey is hit by Brinson Pasichnuk and loses puck.
2:08 of 1st period - Brett Leason is hit by Jack Dougherty and loses puck.
2:14 of 1st period - Icing by Frederic Allard.
2:15 of 1st period - Mikhail Vorobyov wins face-off versus John Albert in IceHogs zone.
2:41 of 1st period - Icing by Erik Cernak.
2:42 of 1st period - Greg McKegg wins face-off versus Brendan Gaunce in IceHogs zone.
2:45 of 1st period - Shot by Egor Sokolov.
2:45 of 1st period - Shot Blocked by Erik Cernak.
4:20 of 1st period - Off-side.
4:21 of 1st period - Nathan Smith wins face-off versus Mikhail Vorobyov in neutral zone.
4:26 of 1st period - Shot by Mathieu Joseph.
4:26 of 1st period - Shot Misses the Net.
5:20 of 1st period - Off-side.
5:21 of 1st period - Jan Jenik wins face-off versus Riley Sheahan in neutral zone.
5:49 of 1st period - Aidan McDonough is hit by Brandon Hickey and loses puck.
5:55 of 1st period - Aidan McDonough is hit by Brandon Hickey and loses puck.
6:22 of 1st period - Shot by Brendan Gaunce.
6:22 of 1st period - Deflect By Jean-Sébastien Dea.
6:22 of 1st period - Shot Blocked by Brinson Pasichnuk.
6:24 of 1st period - Shot by Colby Williams.
6:24 of 1st period - Shot Blocked by Brinson Pasichnuk.
7:34 of 1st period - Zack O'Brien is hit by Steven Oleksy and loses puck.
7:39 of 1st period - Shot by Danny O'Regan.
7:39 of 1st period - Shot Misses the Net.
8:03 of 1st period - Shot by Riley Sheahan.
8:03 of 1st period - Shot Misses the Net.
8:05 of 1st period - Shot by Dennis Cholowski.
8:05 of 1st period - Stopped by Jake Paterson with a rebound.
8:07 of 1st period - Shot by Brandon Hickey.
8:07 of 1st period - Stopped by Jake Paterson without a rebound.
8:08 of 1st period - Nathan Smith wins face-off versus Jean-Sébastien Dea in Heat zone.
8:15 of 1st period - Shot by Kyle Criscuolo.
8:15 of 1st period - Stopped by Christopher Gibson without a rebound.
8:16 of 1st period - Nathan Smith wins face-off versus Brendan Gaunce in IceHogs zone.
8:16 of 1st period - Mathieu Joseph is hit by Erik Cernak and loses puck.
8:30 of 1st period - Brendan Gaunce is hit by Kevin Gravel and loses puck.
8:41 of 1st period - Shot by Jesper Lindgren.
8:41 of 1st period - Shot Blocked by Colby Williams.
9:04 of 1st period - Icing by Kevin Gravel.
9:05 of 1st period - Nathan Smith wins face-off versus Riley Sheahan in Heat zone.
9:21 of 1st period - Icing by Riley Sheahan.
9:22 of 1st period - Riley Sheahan wins face-off versus Greg McKegg in IceHogs zone.
9:32 of 1st period - Icing by Brett Leason.
9:33 of 1st period - Mikhail Vorobyov wins face-off versus Egor Sokolov in Heat zone.
9:54 of 1st period - Off-side.
9:55 of 1st period - Jan Jenik wins face-off versus Riley Sheahan in neutral zone.
10:08 of 1st period - Shot by Colton Sceviour.
10:08 of 1st period - Stopped by Jake Paterson without a rebound.
10:09 of 1st period - Jean-Sébastien Dea wins face-off versus Nathan Smith in Heat zone.
10:19 of 1st period - Shot by Danny O'Regan.
10:19 of 1st period - Stopped by Jake Paterson with a rebound.
10:21 of 1st period - Shot by Danny O'Regan.
10:21 of 1st period - Shot Misses the Net.
10:23 of 1st period - Shot by Dennis Cholowski.
10:23 of 1st period - Shot Misses the Net.
10:25 of 1st period - Shot by Jean-Sébastien Dea.
10:25 of 1st period - Shot Misses the Net.
10:27 of 1st period - Shot by Brandon Hickey.
10:27 of 1st period - Shot Misses the Net.
10:37 of 1st period - Shot by Jean-Sébastien Dea.
10:37 of 1st period - Stopped by Jake Paterson with a rebound.
11:09 of 1st period - Shot by Colton Sceviour.
11:09 of 1st period - Stopped by Jake Paterson with a rebound.
11:11 of 1st period - Shot by Riley Sheahan.
11:11 of 1st period - Stopped by Jake Paterson with a rebound.
11:21 of 1st period - Shot by Riley Sheahan.
11:21 of 1st period - Deflect By Colton Sceviour.
11:21 of 1st period - Stopped by Jake Paterson with a rebound.
11:23 of 1st period - Shot by Riley Sheahan.
11:23 of 1st period - Shot Misses the Net.
11:57 of 1st period - Shot by Mikhail Vorobyov.
11:57 of 1st period - Shot Misses the Net.
11:59 of 1st period - Shot by Zack O'Brien.
11:59 of 1st period - Stopped by Jake Paterson with a rebound.
12:01 of 1st period - Shot by Zack O'Brien.
12:01 of 1st period - Stopped by Jake Paterson without a rebound.
12:02 of 1st period - Jan Jenik wins face-off versus Brendan Gaunce in Heat zone.
12:51 of 1st period - Shot by Mikhail Vorobyov.
12:51 of 1st period - Stopped by Jake Paterson without a rebound.
12:52 of 1st period - Riley Sheahan wins face-off versus Greg McKegg in Heat zone.
12:58 of 1st period - Icing by Egor Sokolov.
12:59 of 1st period - Greg McKegg wins face-off versus Riley Sheahan in Heat zone.
13:01 of 1st period - Icing by Egor Sokolov.
13:02 of 1st period - Greg McKegg wins face-off versus Riley Sheahan in Heat zone.
14:07 of 1st period - Shot by Jacob Bryson.
14:07 of 1st period - Stopped by Christopher Gibson without a rebound.
14:08 of 1st period - John Albert wins face-off versus Jean-Sébastien Dea in IceHogs zone.
14:22 of 1st period - Shot by Danny O'Regan.
14:22 of 1st period - Stopped by Jake Paterson without a rebound.
14:23 of 1st period - Brendan Gaunce wins face-off versus Aidan McDonough in Heat zone.
14:34 of 1st period - Shot by Andrew Sturtz.
14:34 of 1st period - Shot Misses the Net.
14:55 of 1st period - Shot by Tyce Thompson.
14:55 of 1st period - Stopped by Christopher Gibson with a rebound.
15:19 of 1st period - Mikhail Vorobyov is hit by Nathan Smith and loses puck.
15:50 of 1st period - Icing by Dennis Cholowski.
15:51 of 1st period - Greg McKegg wins face-off versus Mikhail Vorobyov in IceHogs zone.
16:19 of 1st period - Shot by Egor Sokolov.
16:19 of 1st period - Shot Blocked by Brandon Hickey.
16:21 of 1st period - Shot by Brett Leason.
16:21 of 1st period - Deflect By Egor Sokolov.
16:21 of 1st period - Stopped by Christopher Gibson without a rebound.
16:22 of 1st period - Jan Jenik wins face-off versus Riley Sheahan in IceHogs zone.
16:22 of 1st period - Jan Jenik is hit by Erik Cernak.
16:26 of 1st period - Shot by Tyce Thompson.
16:26 of 1st period - Shot Misses the Net.
16:49 of 1st period - Off-side.
16:50 of 1st period - Brendan Gaunce wins face-off versus Nathan Smith in neutral zone.
16:50 of 1st period - Frederic Allard is hit by Nathan Smith and loses puck.
16:55 of 1st period - Frederic Allard is hit by Nathan Smith.
17:08 of 1st period - Shot by Mathieu Joseph.
17:08 of 1st period - Shot Blocked by Jack Dougherty.
18:22 of 1st period - Shot by Colton Sceviour.
18:22 of 1st period - Shot Misses the Net.
18:52 of 1st period - Shot by Brett Leason.
18:52 of 1st period - Goal by Brett Leason - Heat : 1 - IceHogs : 0.
18:53 of 1st period - Jean-Sébastien Dea wins face-off versus John Albert in neutral zone.
19:06 of 1st period - Icing by Jacob Bryson.
19:07 of 1st period - Mikhail Vorobyov wins face-off versus John Albert in Heat zone.
19:11 of 1st period - Icing by Jacob Bryson.
19:12 of 1st period - Riley Sheahan wins face-off versus John Albert in Heat zone.
19:20 of 1st period - Off-side.
19:21 of 1st period - Jean-Sébastien Dea wins face-off versus Nathan Smith in neutral zone.
19:26 of 1st period - Shot by Danny O'Regan.
19:26 of 1st period - Deflect By Jean-Sébastien Dea.
19:26 of 1st period - Shot Misses the Net.
19:47 of 1st period - Shot by William Carrier.
19:47 of 1st period - Stopped by Jake Paterson without a rebound.
19:48 of 1st period - Greg McKegg wins face-off versus Riley Sheahan in Heat zone.
19:59 of 1st period - Brinson Pasichnuk is hit by Charles Hudon and loses puck.
Goals for this period are 1 for Heat vs 0 for IceHogs.
Shots for this period are 6 for Heat vs 13 for IceHogs.

2nd period


0:01 of 2nd period - Mathieu Joseph wins face-off versus Danny O'Regan in neutral zone.
0:08 of 2nd period - Shot by Nathan Smith.
0:08 of 2nd period - Goal by Nathan Smith - Heat : 2 - IceHogs : 0.
0:09 of 2nd period - Jean-Sébastien Dea wins face-off versus Greg McKegg in neutral zone.
0:20 of 2nd period - Jean-Sébastien Dea is hit by Egor Sokolov and loses puck.
1:00 of 2nd period - Brett Leason is hit by William Carrier and loses puck.
1:19 of 2nd period - Icing by William Carrier.
1:20 of 2nd period - Jean-Sébastien Dea wins face-off versus Nathan Smith in IceHogs zone.
2:30 of 2nd period - Shot by Aidan McDonough.
2:30 of 2nd period - Shot Misses the Net.
2:34 of 2nd period - Shot by Jan Jenik.
2:34 of 2nd period - Shot Blocked by Frederic Allard.
2:36 of 2nd period - Shot by Jesper Lindgren.
2:36 of 2nd period - Stopped by Christopher Gibson without a rebound.
2:37 of 2nd period - Brendan Gaunce wins face-off versus John Albert in IceHogs zone.
3:36 of 2nd period - Shot by Mikhail Vorobyov.
3:36 of 2nd period - Shot Blocked by Jacob Bryson.
4:17 of 2nd period - Shot by Charles Hudon.
4:17 of 2nd period - Shot Blocked by Jan Jenik.
4:19 of 2nd period - Shot by Charles Hudon.
4:19 of 2nd period - Stopped by Jake Paterson without a rebound.
4:20 of 2nd period - Nathan Smith wins face-off versus Riley Sheahan in Heat zone.
4:48 of 2nd period - Shot by Kyle Criscuolo.
4:48 of 2nd period - Shot Misses the Net.
4:55 of 2nd period - Mathieu Joseph is hit by Brandon Hickey and loses puck.
5:28 of 2nd period - Shot by Andrew Sturtz.
5:28 of 2nd period - Shot Misses the Net.
5:31 of 2nd period - Icing by Greg McKegg.
5:32 of 2nd period - Mikhail Vorobyov wins face-off versus Greg McKegg in Heat zone.
5:33 of 2nd period - Shot by Zack O'Brien.
5:33 of 2nd period - Goal by Zack O'Brien - Heat : 2 - IceHogs : 1.
5:34 of 2nd period - Mikhail Vorobyov wins face-off versus Aidan McDonough in neutral zone.
6:43 of 2nd period - Icing by Frederic Allard.
6:44 of 2nd period - Brendan Gaunce wins face-off versus Nathan Smith in IceHogs zone.
6:53 of 2nd period - Shot by Brendan Gaunce.
6:53 of 2nd period - Shot Misses the Net.
7:39 of 2nd period - Shot by Charles Hudon.
7:39 of 2nd period - Shot Blocked by Kevin Gravel.
8:01 of 2nd period - Brett Leason is hit by Charles Hudon and loses puck.
8:26 of 2nd period - Shot by Danny O'Regan.
8:26 of 2nd period - Shot Misses the Net.
8:38 of 2nd period - Shot by John Albert .
8:38 of 2nd period - Shot Misses the Net.
8:43 of 2nd period - Icing by Erik Cernak.
8:44 of 2nd period - Mikhail Vorobyov wins face-off versus Jan Jenik in IceHogs zone.
8:49 of 2nd period - Shot by Erik Cernak.
8:49 of 2nd period - Shot Misses the Net.
9:08 of 2nd period - Icing by Jan Jenik.
9:09 of 2nd period - Brendan Gaunce wins face-off versus Jan Jenik in Heat zone.
9:44 of 2nd period - Nathan Smith is hit by Brendan Gaunce and loses puck.
9:56 of 2nd period - Icing by Nathan Smith.
9:57 of 2nd period - Charles Hudon wins face-off versus Nathan Smith in Heat zone.
10:10 of 2nd period - Shot by Dennis Cholowski.
10:10 of 2nd period - Stopped by Jake Paterson with a rebound.
10:12 of 2nd period - Shot by Riley Sheahan.
10:12 of 2nd period - Shot Blocked by Kevin Gravel.
10:12 of 2nd period - Kevin Gravel from Heat is injured at 10:12 of 2nd period (Strained Back).
10:13 of 2nd period - Greg McKegg wins face-off versus Mikhail Vorobyov in Heat zone.
10:30 of 2nd period - Egor Sokolov is hit by Erik Cernak and loses puck.
10:36 of 2nd period - Brett Leason is hit by Erik Cernak and loses puck.
10:41 of 2nd period - Shot by Greg McKegg.
10:41 of 2nd period - Shot Blocked by Mikhail Vorobyov.
11:04 of 2nd period - Off-side.
11:05 of 2nd period - Mathieu Joseph wins face-off versus Riley Sheahan in neutral zone.
11:21 of 2nd period - Icing by Charles Hudon.
11:22 of 2nd period - Riley Sheahan wins face-off versus Jan Jenik in IceHogs zone.
11:22 of 2nd period - Riley Sheahan is hit by Jan Jenik.
11:59 of 2nd period - Off-side.
12:00 of 2nd period - Jean-Sébastien Dea wins face-off versus Nathan Smith in neutral zone.
12:37 of 2nd period - Shot by Nathan Smith.
12:37 of 2nd period - Stopped by Christopher Gibson without a rebound.
12:38 of 2nd period - Riley Sheahan wins face-off versus Greg McKegg in IceHogs zone.
12:48 of 2nd period - Riley Sheahan is hit by Jesper Lindgren and loses puck.
12:55 of 2nd period - Shot by Charles Hudon.
12:55 of 2nd period - Stopped by Jake Paterson without a rebound.
12:56 of 2nd period - Mikhail Vorobyov wins face-off versus Aidan McDonough in Heat zone.
12:56 of 2nd period - Mikhail Vorobyov is hit by Steven Oleksy.
13:23 of 2nd period - Mikhail Vorobyov is hit by Steven Oleksy and loses puck.
13:31 of 2nd period - Zack O'Brien is hit by Steven Oleksy and loses puck.
13:57 of 2nd period - Off-side.
13:58 of 2nd period - Riley Sheahan wins face-off versus Kyle Criscuolo in neutral zone.
13:58 of 2nd period - Riley Sheahan is hit by Mathieu Joseph.
14:01 of 2nd period - Minor Penalty to Tarmo Reunanen for Hooking.
14:02 of 2nd period - Riley Sheahan wins face-off versus Greg McKegg in Heat zone.
14:31 of 2nd period - Shot by Charles Hudon.
14:31 of 2nd period - Deflect By Colton Sceviour.
14:31 of 2nd period - Shot Misses the Net.
14:35 of 2nd period - Shot by Colby Williams.
14:35 of 2nd period - Shot Misses the Net.
14:41 of 2nd period - Shot by Colby Williams.
14:41 of 2nd period - Shot Misses the Net.
14:43 of 2nd period - Shot by Erik Cernak.
14:43 of 2nd period - Stopped by Jake Paterson with a rebound.
14:55 of 2nd period - Shot by William Carrier.
14:55 of 2nd period - Shot Misses the Net.
14:57 of 2nd period - Shot by Brandon Hickey.
14:57 of 2nd period - Stopped by Jake Paterson without a rebound.
14:58 of 2nd period - Jean-Sébastien Dea wins face-off versus John Albert in Heat zone.
15:13 of 2nd period - Shot by Jean-Sébastien Dea.
15:13 of 2nd period - Stopped by Jake Paterson without a rebound.
15:14 of 2nd period - Jean-Sébastien Dea wins face-off versus Greg McKegg in Heat zone.
15:17 of 2nd period - Shot by William Carrier.
15:17 of 2nd period - Stopped by Jake Paterson without a rebound.
15:18 of 2nd period - Greg McKegg wins face-off versus Jean-Sébastien Dea in Heat zone.
15:40 of 2nd period - Shot by Danny O'Regan.
15:40 of 2nd period - Shot Misses the Net.
16:03 of 2nd period - Off-side.
16:04 of 2nd period - Nathan Smith wins face-off versus Riley Sheahan in neutral zone.
16:11 of 2nd period - Brandon Hickey is hit by Mathieu Joseph.
16:31 of 2nd period - Shot by Riley Sheahan.
16:31 of 2nd period - Shot Blocked by Mathieu Joseph.
16:33 of 2nd period - Shot by Riley Sheahan.
16:33 of 2nd period - Shot Misses the Net.
16:39 of 2nd period - Shot by Colton Sceviour.
16:39 of 2nd period - Shot Blocked by Jesper Lindgren.
17:26 of 2nd period - Danny O'Regan is hit by Jesper Lindgren and loses puck.
18:04 of 2nd period - Steven Oleksy is hit by Erik Cernak and loses puck.
18:43 of 2nd period - Artur Kayumov is hit by Colton Sceviour.
18:55 of 2nd period - Shot by Egor Sokolov.
18:55 of 2nd period - Stopped by Christopher Gibson without a rebound.
18:56 of 2nd period - Mikhail Vorobyov wins face-off versus John Albert in IceHogs zone.
Goals for this period are 1 for Heat vs 1 for IceHogs.
Shots for this period are 4 for Heat vs 8 for IceHogs.

3rd period


0:01 of 3rd period - Nathan Smith wins face-off versus Jean-Sébastien Dea in neutral zone.
0:18 of 3rd period - Icing by Erik Cernak.
0:19 of 3rd period - Jan Jenik wins face-off versus Jean-Sébastien Dea in IceHogs zone.
0:29 of 3rd period - Off-side.
0:30 of 3rd period - Nathan Smith wins face-off versus Riley Sheahan in neutral zone.
0:35 of 3rd period - Shot by Nathan Smith.
0:35 of 3rd period - Shot Misses the Net.
0:54 of 3rd period - Riley Sheahan is hit by Steven Oleksy and loses puck.
1:00 of 3rd period - Riley Sheahan is hit by Steven Oleksy and loses puck.
1:03 of 3rd period - Shot by Charles Hudon.
1:03 of 3rd period - Stopped by Jake Paterson with a rebound.
1:07 of 3rd period - Shot by Riley Sheahan.
1:07 of 3rd period - Goal by Riley Sheahan - Heat : 2 - IceHogs : 2.
1:08 of 3rd period - Jan Jenik wins face-off versus Jean-Sébastien Dea in neutral zone.
1:26 of 3rd period - Minor Penalty to Tarmo Reunanen for Tripping.
1:27 of 3rd period - Jean-Sébastien Dea wins face-off versus Greg McKegg in Heat zone.
2:29 of 3rd period - Shot by Dennis Cholowski.
2:29 of 3rd period - Stopped by Jake Paterson without a rebound.
2:30 of 3rd period - Greg McKegg wins face-off versus Riley Sheahan in Heat zone.
2:30 of 3rd period - Greg McKegg is hit by Riley Sheahan.
2:47 of 3rd period - Off-side.
2:48 of 3rd period - Riley Sheahan wins face-off versus Greg McKegg in neutral zone.
2:53 of 3rd period - Shot by Erik Cernak.
2:53 of 3rd period - Shot Blocked by Steven Oleksy.
3:05 of 3rd period - Shot by Charles Hudon.
3:05 of 3rd period - Deflect By Riley Sheahan.
3:05 of 3rd period - Stopped by Jake Paterson without a rebound.
3:06 of 3rd period - Jean-Sébastien Dea wins face-off versus John Albert in Heat zone.
3:07 of 3rd period - Shot by Brandon Hickey.
3:07 of 3rd period - Stopped by Jake Paterson without a rebound.
3:08 of 3rd period - Greg McKegg wins face-off versus Jean-Sébastien Dea in Heat zone.
3:57 of 3rd period - Icing by Brinson Pasichnuk.
3:58 of 3rd period - Riley Sheahan wins face-off versus Nathan Smith in Heat zone.
4:02 of 3rd period - Icing by Tarmo Reunanen.
4:03 of 3rd period - Riley Sheahan wins face-off versus Nathan Smith in Heat zone.
4:34 of 3rd period - Shot by Colby Williams.
4:34 of 3rd period - Shot Misses the Net.
4:37 of 3rd period - Icing by Brinson Pasichnuk.
4:38 of 3rd period - Nathan Smith wins face-off versus Jean-Sébastien Dea in Heat zone.
5:19 of 3rd period - Icing by Jean-Sébastien Dea.
5:20 of 3rd period - Greg McKegg wins face-off versus Jean-Sébastien Dea in IceHogs zone.
5:21 of 3rd period - Shot by Brett Leason.
5:21 of 3rd period - Shot Blocked by Dennis Cholowski.
5:46 of 3rd period - Shot by Greg McKegg.
5:46 of 3rd period - Stopped by Christopher Gibson without a rebound.
5:47 of 3rd period - Riley Sheahan wins face-off versus Jan Jenik in IceHogs zone.
5:49 of 3rd period - Icing by Colby Williams.
5:50 of 3rd period - Jan Jenik wins face-off versus Charles Hudon in IceHogs zone.
6:21 of 3rd period - Shot by Tyce Thompson.
6:21 of 3rd period - Stopped by Christopher Gibson without a rebound.
6:22 of 3rd period - Danny O'Regan wins face-off versus Greg McKegg in IceHogs zone.
6:24 of 3rd period - Icing by Frederic Allard.
6:25 of 3rd period - Greg McKegg wins face-off versus Mikhail Vorobyov in IceHogs zone.
6:51 of 3rd period - Off-side.
6:52 of 3rd period - Riley Sheahan wins face-off versus Jan Jenik in neutral zone.
6:56 of 3rd period - Off-side.
6:57 of 3rd period - Brendan Gaunce wins face-off versus Jan Jenik in neutral zone.
7:04 of 3rd period - Shot by Andrew Sturtz.
7:04 of 3rd period - Shot Blocked by Jan Jenik.
7:06 of 3rd period - Shot by Colby Williams.
7:06 of 3rd period - Stopped by Jake Paterson with a rebound.
7:21 of 3rd period - Jean-Sébastien Dea is hit by Jesper Lindgren and loses puck.
7:36 of 3rd period - Shot by Andrew Sturtz.
7:36 of 3rd period - Stopped by Jake Paterson with a rebound.
7:38 of 3rd period - Shot by Colby Williams.
7:38 of 3rd period - Shot Misses the Net.
8:18 of 3rd period - Icing by Brandon Hickey.
8:19 of 3rd period - Greg McKegg wins face-off versus Riley Sheahan in IceHogs zone.
8:20 of 3rd period - Shot by Egor Sokolov.
8:20 of 3rd period - Shot Misses the Net.
8:22 of 3rd period - Shot by Jacob Bryson.
8:22 of 3rd period - Stopped by Christopher Gibson without a rebound.
8:23 of 3rd period - Greg McKegg wins face-off versus Mikhail Vorobyov in IceHogs zone.
8:31 of 3rd period - Zack O'Brien is hit by Steven Oleksy and loses puck.
8:32 of 3rd period - Minor Penalty to Steven Oleksy for Cross-checking.
8:33 of 3rd period - Jean-Sébastien Dea wins face-off versus Greg McKegg in Heat zone.
8:33 of 3rd period - Jean-Sébastien Dea is hit by Brinson Pasichnuk.
8:36 of 3rd period - William Carrier is hit by Jacob Bryson and loses puck.
8:39 of 3rd period - Shot by Colby Williams.
8:39 of 3rd period - Stopped by Jake Paterson with a rebound.
8:41 of 3rd period - Shot by Jean-Sébastien Dea.
8:41 of 3rd period - Stopped by Jake Paterson without a rebound.
8:42 of 3rd period - Greg McKegg wins face-off versus Jean-Sébastien Dea in Heat zone.
9:00 of 3rd period - Shot by Danny O'Regan.
9:00 of 3rd period - Shot Misses the Net.
10:15 of 3rd period - Shot by Dennis Cholowski.
10:15 of 3rd period - Stopped by Jake Paterson without a rebound.
10:16 of 3rd period - John Albert wins face-off versus Charles Hudon in Heat zone.
11:41 of 3rd period - Zack O'Brien is hit by Aidan McDonough and loses puck.
12:09 of 3rd period - Icing by Steven Oleksy.
12:10 of 3rd period - Jean-Sébastien Dea wins face-off versus John Albert in Heat zone.
12:10 of 3rd period - Brendan Gaunce is hit by Steven Oleksy and loses puck.
12:30 of 3rd period - Shot by Andrew Sturtz.
12:30 of 3rd period - Stopped by Jake Paterson without a rebound.
12:31 of 3rd period - Riley Sheahan wins face-off versus Greg McKegg in Heat zone.
13:36 of 3rd period - Colby Williams is hit by Brinson Pasichnuk and loses puck.
13:39 of 3rd period - Shot by Colby Williams.
13:39 of 3rd period - Shot Misses the Net.
13:41 of 3rd period - Shot by Erik Cernak.
13:41 of 3rd period - Goal by Erik Cernak - Heat : 2 - IceHogs : 3.
13:42 of 3rd period - Jan Jenik wins face-off versus Brendan Gaunce in neutral zone.
14:27 of 3rd period - Icing by Frederic Allard.
14:28 of 3rd period - Nathan Smith wins face-off versus Riley Sheahan in IceHogs zone.
14:35 of 3rd period - Colton Sceviour is hit by Mathieu Joseph.
15:13 of 3rd period - Brandon Hickey is hit by Nathan Smith and loses puck.
15:21 of 3rd period - Icing by Brandon Hickey.
15:22 of 3rd period - Mikhail Vorobyov wins face-off versus Greg McKegg in IceHogs zone.
15:29 of 3rd period - Shot by Mikhail Vorobyov.
15:29 of 3rd period - Stopped by Jake Paterson without a rebound.
15:30 of 3rd period - Jean-Sébastien Dea wins face-off versus Greg McKegg in Heat zone.
15:47 of 3rd period - Icing by Jean-Sébastien Dea.
15:48 of 3rd period - Jean-Sébastien Dea wins face-off versus Jan Jenik in IceHogs zone.
15:59 of 3rd period - Shot by Erik Cernak.
15:59 of 3rd period - Stopped by Jake Paterson without a rebound.
16:00 of 3rd period - Nathan Smith wins face-off versus Riley Sheahan in Heat zone.
16:11 of 3rd period - Minor Penalty to Colton Sceviour for Tripping.
16:12 of 3rd period - Jean-Sébastien Dea wins face-off versus Jan Jenik in IceHogs zone.
16:25 of 3rd period - Jean-Sébastien Dea is hit by Aidan McDonough and loses puck.
17:55 of 3rd period - Brendan Gaunce is hit by Jan Jenik.
18:03 of 3rd period - Shot by Jan Jenik.
18:03 of 3rd period - Shot Misses the Net.
18:05 of 3rd period - Shot by Brinson Pasichnuk.
18:05 of 3rd period - Stopped by Christopher Gibson with a rebound.
18:07 of 3rd period - Shot by Tyce Thompson.
18:07 of 3rd period - Deflect By Jan Jenik.
18:07 of 3rd period - Stopped by Christopher Gibson without a rebound.
18:08 of 3rd period - Jean-Sébastien Dea wins face-off versus Nathan Smith in IceHogs zone.
18:23 of 3rd period - Shot by Egor Sokolov.
18:23 of 3rd period - Shot Misses the Net.
18:25 of 3rd period - Shot by Greg McKegg.
18:25 of 3rd period - Goal by Greg McKegg - Heat : 3 - IceHogs : 3.
18:26 of 3rd period - John Albert wins face-off versus Riley Sheahan in neutral zone.
18:26 of 3rd period - Tarmo Reunanen is hit by Colton Sceviour and loses puck.
18:55 of 3rd period - Icing by Jesper Lindgren.
18:56 of 3rd period - Brendan Gaunce wins face-off versus John Albert in Heat zone.
19:01 of 3rd period - Shot by Andrew Sturtz.
19:01 of 3rd period - Shot Misses the Net.
19:17 of 3rd period - Shot by Brendan Gaunce.
19:17 of 3rd period - Shot Blocked by Nathan Smith.
Goals for this period are 1 for Heat vs 2 for IceHogs.
Shots for this period are 6 for Heat vs 14 for IceHogs.

Overtime #1


0:01 of 1st overtime period - Mikhail Vorobyov wins face-off versus Nathan Smith in neutral zone.
0:04 of 1st overtime period - Shot by Jack Dougherty.
0:04 of 1st overtime period - Stopped by Jake Paterson without a rebound.
0:05 of 1st overtime period - Mikhail Vorobyov wins face-off versus Nathan Smith in Heat zone.
0:20 of 1st overtime period - Shot by Mikhail Vorobyov.
0:20 of 1st overtime period - Stopped by Jake Paterson without a rebound.
0:21 of 1st overtime period - Nathan Smith wins face-off versus Mikhail Vorobyov in Heat zone.
0:40 of 1st overtime period - Shot by Artur Kayumov.
0:40 of 1st overtime period - Shot Blocked by Mikhail Vorobyov.
1:05 of 1st overtime period - Icing by Mikhail Vorobyov.
1:06 of 1st overtime period - Nathan Smith wins face-off versus Mikhail Vorobyov in IceHogs zone.
1:09 of 1st overtime period - Shot by Mathieu Joseph.
1:09 of 1st overtime period - Shot Misses the Net.
1:29 of 1st overtime period - Shot by Nathan Smith.
1:29 of 1st overtime period - Shot Hit the Post.
2:10 of 1st overtime period - Shot by Charles Hudon.
2:10 of 1st overtime period - Stopped by Jake Paterson without a rebound.
2:11 of 1st overtime period - Riley Sheahan wins face-off versus Kyle Criscuolo in Heat zone.
2:12 of 1st overtime period - Shot by Erik Cernak.
2:12 of 1st overtime period - Goal by Erik Cernak - Heat : 3 - IceHogs : 4.
Goals for this period are 0 for Heat vs 1 for IceHogs.
Shots for this period are 0 for Heat vs 4 for IceHogs.